General information
- name: BNet
- type: Ladder team game (AT/RT)
- host: Battle.net
- saver: Mario-kart-pro
map: Battleground
- players: 8
- length: 10:51
- speed: Fast
- version: 1.26 W3XP
- replay type: Public
» download(75 KB)
Players
team 1 (winner)

»
nObOdy_knOws (
yellow | 90 APM | 980 actions | 10:50)
4 Archmage
2 Summon Water Elemental
2 Brilliance Aura
» actions
| Assign group hotkey | 10 | |
| Basic commands | 27 | |
| Build / train | 44 | |
| Enter build submenu | 18 | |
| Enter hero's abilities submenu | 4 | |
| Right click | 416 | |
| Select / deselect | 144 | |
| Select group hotkey | 282 | |
| Use ability | 35 | |
980 total
» units
| Peasant | 14 | |
| Rifleman | 6 | |
| Mortar Team | 3 | |
23 total
» upgrades
| Gunpowder | 3 | |
| Lumber Harvesting | 2 | |
| Fragmentation Shards | 1 | |
| Barrage | 1 | |
7 total
» buildings
| Altar of Kings | 1 | |
| Farm | 8 | |
| Scout Tower | 2 | |
| Blacksmith | 1 | |
| Barracks | 1 | |
| Arcane Tower | 1 | |
| Arcane Vault | 1 | |
| Lumber Mill | 1 | |
| Keep | 1 | |
| Castle | 1 | |
| Workshop | 2 | |
| Guard Tower | 1 | |
21 total
» build order
00:04 Altar of Kings
00:04 Farm
00:21 Scout Tower
00:43 Blacksmith
01:39 Barracks
01:46 Farm
01:53 Farm
02:10 Arcane Tower
02:13 Farm
03:03 Farm
03:21 Arcane Vault
03:32 Lumber Mill
03:54 Farm
04:40 Keep
07:13 Castle
07:16 Workshop
07:17 Workshop
07:38 Scout Tower
08:15 Guard Tower
08:32 Farm
08:33 Farm
» items
| Scroll of Regeneration | 3 | |
| Lesser Clarity Potion | 1 | |
| Orb of Fire | 1 | |
5 total
orclang (
green | 50 APM | 544 actions | 10:50)
4 Death Knight
2 Death Coil
2 Unholy Aura
» actions
| Assign group hotkey | 42 | |
| Basic commands | 49 | |
| Build / train | 33 | |
| Enter build submenu | 7 | |
| Enter hero's abilities submenu | 4 | |
| Right click | 120 | |
| Select / deselect | 147 | |
| Select group hotkey | 107 | |
| Use ability | 35 | |
544 total
» units
| Acolyte | 2 | |
| Ghoul | 2 | |
| Crypt Fiend | 9 | |
13 total
» upgrades
| Creature Attack | 2 | |
| Creature Carapace | 1 | |
| Burrow | 1 | |
| Web | 1 | |
5 total
» buildings
| Ziggurat | 3 | |
| Crypt | 1 | |
| Graveyard | 1 | |
| Altar of Darkness | 1 | |
| Tomb of Relics | 1 | |
| Nerubian Tower | 2 | |
| Halls of the Dead | 1 | |
| Black Citadel | 1 | |
11 total
» build order
00:05 Ziggurat
00:23 Crypt
00:45 Graveyard
01:11 Altar of Darkness
01:49 Ziggurat
02:00 Tomb of Relics
02:42 Nerubian Tower
04:06 Ziggurat
05:52 Halls of the Dead
08:22 Nerubian Tower
10:18 Black Citadel
» items
| Rod of Necromancy | 1 | |
| Circlet of Nobility | 1 | |
| Boots of Speed | 1 | |
| Lesser Clarity Potion | 1 | |
| Scroll of Regeneration | 1 | |
| Potion of Mana | 1 | |
6 total
Mario-kart-pro (
orange | 87 APM | 949 actions | 10:51)
2 Blademaster
1 Wind Walk
1 Critical Strike
2 Shadow Hunter
1 Hex
1 Healing Wave
» actions
| Assign group hotkey | 58 | |
| Basic commands | 1 | |
| Build / train | 34 | |
| Enter build submenu | 10 | |
| Enter hero's abilities submenu | 4 | |
| Give item / drop item | 2 | |
| Right click | 441 | |
| Select / deselect | 93 | |
| Select group hotkey | 247 | |
| Use ability | 59 | |
949 total
» units
» upgrades
» buildings
| Altar of Storms | 1 | |
| Orc Burrow | 4 | |
| Barracks | 1 | |
| Voodoo Lounge | 1 | |
| Stronghold | 1 | |
| War Mill | 1 | |
| Beastiary | 2 | |
11 total
» build order
00:11 Altar of Storms
00:23 Orc Burrow
00:41 Barracks
01:23 Orc Burrow
01:55 Voodoo Lounge
03:06 Stronghold
03:43 Orc Burrow
04:30 Orc Burrow
04:46 War Mill
05:52 Beastiary
05:57 Beastiary
» items
| Healing Salve | 2 | |
| Lesser Clarity Potion | 2 | |
| Potion of Healing | 2 | |
| Potion of Lesser Invulnerability | 1 | |
| Dust of Appearance | 1 | |
| Potion of Mana | 1 | |
| Scroll of Healing | 1 | |
10 total

»
hkjam (
teal | 63 APM | 679 actions | 10:50)
4 Mountain King
2 Storm Bolt
1 Thunder Clap
1 Bash
2 Paladin
1 Holy Light
1 Devotion Aura
» actions
| Assign group hotkey | 2 | |
| Basic commands | 14 | |
| Build / train | 43 | |
| Enter build submenu | 16 | |
| Enter hero's abilities submenu | 6 | |
| Right click | 371 | |
| Select / deselect | 173 | |
| Select group hotkey | 10 | |
| Use ability | 44 | |
679 total
» units
| Peasant | 8 | |
| Footman | 9 | |
| Forest Troll Shadow Priest | 1 | |
| Knight | 1 | |
| Siege Engine | 1 | |
20 total
» upgrades
| Defend | 1 | |
| Animal War Training | 1 | |
| Barrage | 1 | |
| Gunpowder | 1 | |
4 total
» buildings
| Altar of Kings | 1 | |
| Farm | 8 | |
| Barracks | 1 | |
| Arcane Vault | 1 | |
| Keep | 6 | |
| Blacksmith | 1 | |
| Castle | 1 | |
| Lumber Mill | 1 | |
| Workshop | 2 | |
22 total
» build order
00:06 Altar of Kings
00:11 Farm
00:15 Barracks
00:59 Farm
01:37 Farm
02:18 Arcane Vault
04:22 Farm
05:10 Keep
05:10 Keep
05:10 Keep
05:11 Keep
07:15 Blacksmith
07:37 Castle
07:42 Lumber Mill
08:11 Farm
09:18 Workshop
09:23 Workshop
10:43 Farm
10:44 Farm
10:45 Farm
» items
| Scroll of Regeneration | 2 | |
| Lesser Clarity Potion | 2 | |
4 total
team 2 (loser)

»
boog12 (
red | 41 APM | 414 actions | 10:11)
3 Demon Hunter
2 Mana Burn
1 Evasion
» actions
| Build / train | 36 | |
| Enter build submenu | 12 | |
| Enter hero's abilities submenu | 3 | |
| Remove unit from queue | 2 | |
| Right click | 189 | |
| Select / deselect | 140 | |
| Use ability | 32 | |
414 total
» units
| Wisp | 9 | |
| Huntress | 4 | |
| Forest Troll Shadow Priest | 1 | |
| Forest Troll Berserker | 1 | |
| Druid of the Talon | 3 | |
| Chimaera | 1 | |
19 total
» upgrades
| Strength of the Moon | 0 | |
| Moon Armor | 1 | |
| Druid of the Claw Training | 1 | |
| Strength of the Wild | 1 | |
3 total
» buildings
| Altar of Elders | 1 | |
| Moon Well | 4 | |
| Hunter's Hall | 1 | |
| Ancient of War | 1 | |
| Tree of Ages | 1 | |
| Tree of Eternity | 5 | |
| Ancient of Wind | 1 | |
| Chimaera Roost | 1 | |
| Ancient of Lore | 1 | |
16 total
» build order
00:57 Altar of Elders
00:59 Moon Well
01:18 Hunter's Hall
01:24 Ancient of War
01:51 Moon Well
03:16 Tree of Ages
04:22 Moon Well
05:15 Moon Well
05:43 Tree of Eternity
05:43 Tree of Eternity
05:44 Tree of Eternity
05:44 Tree of Eternity
06:05 Ancient of Wind
08:09 Chimaera Roost
08:15 Ancient of Lore
» items
PeonTheWall (
blue | 33 APM | 348 actions | 10:28)
2 Archmage
1 Summon Water Elemental
1 Brilliance Aura
» actions
| Basic commands | 9 | |
| Build / train | 31 | |
| Enter build submenu | 15 | |
| Enter hero's abilities submenu | 2 | |
| Right click | 166 | |
| Select / deselect | 101 | |
| Use ability | 24 | |
348 total
» units
| Peasant | 9 | |
| Rifleman | 8 | |
| Priest | 2 | |
| Mortar Team | 2 | |
21 total
» upgrades
» buildings
| Altar of Kings | 1 | |
| Farm | 5 | |
| Blacksmith | 1 | |
| Barracks | 1 | |
| Scout Tower | 3 | |
| Arcane Tower | 2 | |
| Keep | 1 | |
| Lumber Mill | 1 | |
| Workshop | 1 | |
| Arcane Sanctum | 1 | |
| Castle | 1 | |
| Arcane Vault | 1 | |
| Guard Tower | 1 | |
20 total
» build order
00:18 Altar of Kings
00:26 Farm
00:47 Blacksmith
01:14 Barracks
01:48 Farm
02:07 Farm
03:03 Scout Tower
03:41 Arcane Tower
03:44 Keep
03:50 Scout Tower
04:21 Lumber Mill
04:27 Farm
04:30 Arcane Tower
04:41 Farm
07:12 Scout Tower
07:19 Workshop
07:25 Arcane Sanctum
08:19 Castle
08:28 Arcane Vault
08:31 Guard Tower
ish2513 (
pink | 30 APM | 311 actions | 10:17)
2 Blademaster
1 Wind Walk
1 Critical Strike
» actions
| Assign group hotkey | 7 | |
| Build / train | 25 | |
| Enter build submenu | 16 | |
| Enter hero's abilities submenu | 2 | |
| Remove unit from queue | 5 | |
| Right click | 118 | |
| Select / deselect | 100 | |
| Use ability | 38 | |
311 total
» units
| Peon | 8 | |
| Grunt | 7 | |
| Troll Headhunter/Berserker | 2 | |
17 total
» upgrades
» buildings
| Orc Burrow | 7 | |
| Altar of Storms | 1 | |
| Barracks | 1 | |
| War Mill | 1 | |
| Voodoo Lounge | 2 | |
| Stronghold | 1 | |
| Watch Tower | 3 | |
16 total
» build order
00:26 Orc Burrow
00:41 Altar of Storms
00:59 Barracks
01:10 Orc Burrow
02:21 War Mill
03:02 Voodoo Lounge
03:28 Orc Burrow
04:35 Stronghold
04:41 Orc Burrow
05:31 Orc Burrow
07:30 Orc Burrow
07:39 Voodoo Lounge
08:00 Watch Tower
08:08 Watch Tower
08:13 Watch Tower
08:34 Orc Burrow
» items
| Healing Salve | 1 | |
| Potion of Healing | 1 | |
2 total
walmartgod (
purple | 54 APM | 584 actions | 10:49)
2 Blademaster
1 Wind Walk
1 Critical Strike
1 Shadow Hunter
1 Hex
» actions
| Assign group hotkey | 2 | |
| Basic commands | 2 | |
| Build / train | 33 | |
| Enter build submenu | 8 | |
| Enter hero's abilities submenu | 3 | |
| Right click | 374 | |
| Select / deselect | 110 | |
| Select group hotkey | 15 | |
| Use ability | 37 | |
584 total
» units
| Peon | 7 | |
| Grunt | 7 | |
| Troll Headhunter/Berserker | 2 | |
16 total
» upgrades
| Armor | 1 | |
| Berserker Strength | 1 | |
2 total
» buildings
| Altar of Storms | 1 | |
| Barracks | 1 | |
| Orc Burrow | 3 | |
| Voodoo Lounge | 1 | |
| Stronghold | 1 | |
| War Mill | 1 | |
| Fortress | 1 | |
9 total
» build order
00:07 Altar of Storms
00:16 Barracks
00:23 Orc Burrow
01:40 Orc Burrow
02:53 Voodoo Lounge
03:48 Stronghold
03:59 War Mill
05:15 Orc Burrow
07:06 Fortress
» items
| Healing Salve | 3 | |
| Boots of Speed | 1 | |
| Dust of Appearance | 1 | |
| Lesser Clarity Potion | 2 | |
7 total
Chat log
(00:14 / Allies) nObOdy_knOws: rush
(00:31 / Allies) orclang: where
(00:35 / Allies) nObOdy_knOws: anywhere
(00:38 / All) Mario-kart-pro: we who are about to die, "Salute" you
(00:45 / Allies) hkjam: ok and where is your barracks yellow?
(00:50 / Allies) nObOdy_knOws: getting rifles
(01:49 / Allies) Mario-kart-pro: log in issue got fixed finally
(02:35 / Allies) orclang: play better yellow
(02:36 / Allies) orclang: omfg
(02:49 / Allies) nObOdy_knOws: what's your problem?
(02:53 / Allies) nObOdy_knOws: i went to scout
(02:56 / Allies) orclang: u didnt do anything
(02:57 / Allies) nObOdy_knOws: how could i have scouted better?
(02:59 / Allies) orclang: aoe or ssomthing
(10:17 / All) Mario-kart-pro: well played purple
(10:25 / All) Mario-kart-pro: u had noob teammates
(10:28 / All) Mario-kart-pro: i tip my hat to u